 Seeded DCSS version 0.29.1-15-g9cfb28693d (webtiles) character file.

Game seed: 16245865983455551772 (custom seed)

2 Atreus the Shooter (level 1, 10/10 HPs)
             Began as a Spriggan Hunter on Mar 6, 2023.
             Quit the game on level 1 of the Dungeon.
             The game lasted 00:00:48 (78 turns).

Atreus the Shooter (Spriggan Hunter)                  Turns: 78, Time: 00:00:48

Health: 10/10      AC:  2    Str:  7    XL:     1   Next: 33%
Magic:  2/2        EV: 17    Int: 10    God:
Gold:   1184       SH:  0    Dex: 18    Spells: 0/0 levels left

rFire   . . .      SeeInvis +   a - +0 shortbow
rCold   . . .      Faith    .   (shield currently unavailable)
rNeg    . . .      Spirit   .   c - +0 robe
rPois   .          Reflect  .   (helmet restricted)
rElec   .          Harm     .   (no cloak)
rCorr   .          Rampage  .   (gloves unavailable)
Will    .....                   (boots unavailable)
Stlth   ++........              (no amulet)
HPRegen 0.03/turn               (no ring)
MPRegen 0.08/turn               (no ring)

@: very quick
A: very small, no large weapons, unfitting armour, see invisible, speed 3
a: no special abilities


You were on level 1 of the Dungeon.
You visited 1 branch of the dungeon, and saw 1 of its levels.

You collected 1184 gold pieces.

Inventory:

Hand Weapons
 a - a +0 shortbow (weapon)
Armour
 c - a +0 robe (worn)
Jewellery
 e - the ring "Zamyigey" {rC+ rCorr Stlth+}
   (You acquired it on level 1 of the Dungeon)

   [ring of resist corrosion]

   rC:        It protects you from cold.
   rCorr:     It protects you from acid and corrosion.
   Stlth:     It makes you more stealthy.
Scrolls
 b - a scroll of immolation
 d - a scroll of acquirement


   Skills:
 + Level 1.5 Fighting
 + Level 4.1 Ranged Weapons
 + Level 2.7 Dodging
 + Level 1.5 Stealth


You couldn't memorise any spells.
You didn't know any spells.
Your spell library was empty.

Dungeon Overview and Level Annotations

Branches:
Dungeon (1/15)

Altars:


Innate Abilities, Weirdness & Mutations

You are very small and have problems with some larger weapons.
You are too small for most types of armour.
You have supernaturally acute eyesight. (SInv)
You cover ground extremely quickly. (Speed+++)


Message History

Found a staircase leading out of the dungeon.
Found two escape hatches in the floor.
Found a dagger.
You see here a +0 dagger.
A goblin comes into view. It is wielding a +0 dagger.
The goblin shouts!
An endoplasm comes into view.
A quokka comes into view.
Fire: a) +0 shortbow
Press: ? - help, Q - select action Shift-Dir - straight line, f - goblin
Aim: a goblin, wielding a +0 dagger (56% to hit)
You shoot an arrow. The arrow hits the goblin!
You kill the goblin!
Unknown command.
Fire: a) +0 shortbow
Press: ? - help, Q - select action Shift-Dir - straight line, f - quokka
Aim: a quokka (53% to hit)
You shoot an arrow. The arrow hits the quokka.
The quokka is severely wounded.
Unknown command.
Fire: a) +0 shortbow
Press: ? - help, Q - select action Shift-Dir - straight line, f/p - quokka
Aim: a quokka (severely wounded, 53% to hit)
You shoot an arrow. The arrow hits the quokka.
You kill the quokka!
Unknown command.
Found 6 stones.
Found 3 scrolls labelled WAC GOIFOFITOUPLEC.
You see here 3 scrolls labelled WAC GOIFOFITOUPLEC.
d - 3 scrolls labelled WAC GOIFOFITOUPLEC Really read the scroll of immolation?
You can't even see any enemies this would affect.
Okay, then.
This is a scroll of acquirement!
Something appears at your feet!
You now have 1184 gold pieces.
Really read the scroll of immolation?
You can't even see any enemies this would affect.
Okay, then.
Something appears at your feet!
e - the ring "Zamyigey" {rC+ rCorr Stlth+} Are you sure you want to abandon this character and quit the game? (Confirm with "yes".)

### #.. #.# #
#.######..##
###.##.#.........
.........#..#....
##.##..@#..# .
#...###J# #...#(#..
...# #..##.##.#
.... #..#...#..
....# ##.##...##.##
....#
#..#.....#..#.....#
#..#.....#..#....#
#.............#


There were no monsters in sight!

Vanquished Creatures
  A goblin (D:1)
  A quokka (D:1)
2 creatures vanquished.

Notes
Turn   | Place    | Note
-------+----------+-------------------------------------------
     0 | D:1      | Atreus the Spriggan Hunter began the quest for the Orb.
     0 | D:1      | Reached XP level 1. HP: 10/10 MP: 2/2
    74 | D:1      | Identified 3 scrolls of acquirement
    74 | D:1      | Acquired 1184 gold pieces
    76 | D:1      | Acquired the ring "Zamyigey" {rC+ rCorr Stlth+}
    78 | D:1      | Quit the game

Illustrated notes

Levels and vault maps discovered:
D:1:      minmay_arrival_hallway, layout_loops_corners, basic_ecumenical_altar,
          minmay_unequal

Action                   || total
-------------------------++-------
 Fire: Shortbow          ||     3
  Use: Scroll            ||     2
